 Dungeon Sprint DCSS version 0.29-a0-222-g5b244fca1f (webtiles) character file.

Game seed: 8416283163151000039

24273 mhtbhm the Shatterer (level 13, 0/153 HPs)
             Began as a Gargoyle Berserker on Feb 27, 2022.
             Was the Champion of Trog.
             Killed by a mummy priest's death curse (23 damage)
             ... in the Dungeon (Sprint III: "The Ten Rune Challenge").
             The game lasted 00:08:14 (4749 turns).

mhtbhm the Shatterer (Gargoyle Berserker)           Turns: 4749, Time: 00:08:16

Health: 0/153      AC: 30    Str: 24    XL:     13   Next: 12%
Magic:  11/11      EV: 10    Int: 10    God:    Trog [******]
Gold:   1204       SH:  0    Dex:  9    Spells: 12/12 levels left

rFire   + . .      SeeInvis .   a - +6 great mace "Neut" {vorpal, Fragile rC++ rN+}
rCold   + + .      Faith    .   (shield currently unavailable)
rNeg    + + .      Spirit   .   b - +3 plate armour {rF+}
rPois   ∞          Reflect  .   (no helmet)
rElec   +          Harm     .   s - +0 cloak {rCorr}
rCorr   +          Rampage  .   (no gloves)
Will    ++...      NoTele   +   (no boots)
Stlth   ..........              (no amulet)
HPRegen 1.35/turn               (no ring)
MPRegen 0.12/turn               (no ring)

@: berserking, strong-willed, regenerating, very quick
A: sickness immunity, AC +9, negative energy resistance 1, electricity
resistance, torment resistance 1, petrification resistance, low MP 1
a: Renounce Religion, Berserk, Trog's Hand, Brothers in Arms


You were in the Dungeon.
You worshipped Trog.
Trog was exalted by your worship.
You visited 1 branch You collected 1622 gold pieces.
You spent 418 gold pieces at shops.

Inventory:

Hand Weapons
 a - the +6 great mace "Neut" (weapon) {vorpal, Fragile rC++ rN+}
   (Trog gifted it to you in the Dungeon)

   It inflicts extra damage upon your enemies.
   rC:        It greatly protects you from cold.
   rN:        It protects you from negative energy.
   Fragile:   It will be destroyed if unequipped.
 u - the +9 executioner's axe of Trog's Generosity {vorpal, Drain rElec rN++ rCorr Str+2}
   (Trog gifted it to you in the Dungeon)

   It inflicts extra damage upon your enemies.
   Str:       It affects your strength (+2).
   rElec:     It insulates you from electricity.
   rN:        It greatly protects you from negative energy.
   rCorr:     It protects you from acid and corrosion.
   Drain:     It drains your maximum health when unequipped.
 v - the +8 morningstar of Urgency {speed, rElec}
   (You found it in the Dungeon)

   Attacks with this weapon are significantly faster.
   rElec:     It insulates you from electricity.
Missiles
 r - 7 curare-tipped darts (quivered)
Armour
 b - a +3 plate armour of fire resistance (worn)
 s - a +0 cloak of preservation (worn)
 x - a +0 pair of gloves
Jewellery
 y - a ring of positive energy
Wands
 d - a wand of acid (4)
 p - a wand of polymorph (9)
Scrolls
 i - 2 scrolls of torment
 j - a scroll of immolation
 k - 8 scrolls of identify
 l - a scroll of holy word
 t - a scroll of fear
Potions
 c - a potion of curing
 e - 2 potions of haste
 f - 2 potions of magic
 g - a potion of berserk rage
 m - a potion of lignification
 n - a potion of flight
 o - a potion of heal wounds
Miscellaneous
 h - a phantom mirror
 q - a piece from Xom's chessboard (15/15)
 w - a tin of tremorstones (2/2)


   Skills:
 + Level 20.4 Fighting
 + Level 22.3 Maces & Flails
 + Level 12.9 Armour
 + Level 10.6 Dodging
 + Level 5.1 Stealth


You had 12 spell levels left.
You didn't know any spells.
Your spell library was empty.

Dungeon Overview and Level Annotations

Branches:
Dungeon (1/1)

Altars:
Cheibriados
Dithmenos
Elyvilon
Fedhas
Gozag
Hepliaklqana
Kikubaaqudgha
Makhleb
Nemelex Xobeh
Okawaru
Qazlal
Ru
Sif Muna
Trog
Uskayaw
Vehumet
Wu Jian
Xom
Yredelemnul
Zin
The Shining One
Beogh
Jiyva
Lugonu

Shops:
D *=([([!:?=[(


Innate Abilities, Weirdness & Mutations

You are immune to sickness and miasma.
Your stone body is resilient. (AC +9)
You are immune to poison.
You resist negative energy. (rN+)
You are resistant to electric shocks. (rElec)
You are resistant to unholy torment.
You are immune to petrification.
Your magical capacity is low. (-10% MP)


Message History

You feel the power of Trog in you as your rage grows.
You destroy the mummy priest!
Trog accepts your kill.
The giant cockroach simulacrum disappears in a puff of smoke!
You feel extremely nervous for a moment...
Your body is wracked with pain!
* * * LOW HITPOINT WARNING * * *
You thump the mummy priest!
The mummy priest is moderately damaged.
The giant cockroach zombie barely misses you.
Unknown command.
You completely miss the mummy priest.
The mummy priest is moderately damaged.
The mummy priest hits you!
* * * LOW HITPOINT WARNING * * *
You sock the mummy priest!
The mummy priest is severely damaged.
The phantasmal warrior gestures at you.
The phantasmal warrior blinks!
The giant cockroach zombie bites you but does no damage.
Unknown command.
You barely miss the mummy priest.
The mummy priest is severely damaged.
Unknown command.
You pound the mummy priest like an anvil!!!
You destroy the mummy priest!
Trog accepts your kill.
The rust devil disappears in a puff of smoke!
The giant cockroach zombie disappears in a puff of smoke!
The phantasmal warrior disappears in a puff of smoke!
You feel extremely nervous for a moment...
You are engulfed in negative energy!
You partially resist.
You feel drained.
Your life force feels restored.
You hammer the mummy priest like a gong!!!
You feel the power of Trog in you as your rage grows.
You destroy the mummy priest!
Trog accepts your kill.
You feel extremely nervous for a moment...
Pain shoots through your body!!
You die...

######.#......#################.#
#........#.:.#L#........#..#
..............#.).###........)).#
..............#.:............)).#
+##############[:...........)#..#
################..#
#††)..............#
▓'▓▓▓▓▓▓▓▓▓▓▓▓▓▓▓▓▓ ▓.@# ▓§§#
▓§.# ▓§.# ▓.^# ▓..# ▓..# ▓..#


There were no monsters in sight!

Vanquished Creatures
  2 sphinxes (D)
  Harold (D)
  Chuck (D)
  3 mummy priests (D)
  A yaktaur captain (D)
  A fire dragon (D)
  2 centaur warriors (D)
  Erica (D)
  4 dancing weapons (D)
  5 skeletal warriors (D)
  A sea snake (shapeshifter) (D)
  Joseph (D)
  An orange crystal statue (D)
  An orc sorcerer (D)
  A deep elf pyromancer (D)
  2 ugly things (D)
  A cyclops (shapeshifter) (D)
  A guardian serpent (shapeshifter) (D)
  An unseen horror (D)
  2 guardian mummies (D)
  3 wandering mushrooms (D)
  4 spriggan defenders (D)
  A queen bee (D)
  2 orc high priests (D)
  A dream sheep (shapeshifter) (D)
  3 slime creatures (D)
  A shadow (D)
  A spatial vortex (D)
  A floating eye (D)
  A floating eye (shapeshifter) (D)
  A necrophage (D)
  2 centaurs (D)
  An earth elemental (D)
  A water elemental (D)
  32 killer bees (D)
  5 orc priests (D)
  A jelly (D)
  A wizard (D)
  Jessica (D)
  2 orc wizards (D)
  A necromancer (D)
  3 humans (D)
  A kobold demonologist (D)
  A wolf (D)
  5 orcs (D)
  2 endoplasms (D)
  A rat (D)
  3 bushes (D)
115 creatures vanquished.

Vanquished Creatures (collateral kills)
  2 orc sorcerers (D)
  An orc wizard (D)
  4 orcs (D)
7 creatures vanquished.

Vanquished Creatures (others)
  A bush (D)
  11 plants (D)
12 creatures vanquished.

Grand Total: 134 creatures vanquished

Notes
Turn   | Place    | Note
-------+----------+-------------------------------------------
     0 | D        | mhtbhm the Gargoyle Berserker began the quest for the Orb.
     0 | D        | Reached XP level 1. HP: 14/14 MP: 1/1
    99 | D        | Noticed Jessica
   105 | D        | Killed Jessica
   105 | D        | Reached ** piety under Trog
   106 | D        | Reached skill level 5 in Fighting
   106 | D        | Reached skill level 4 in Maces & Flails
   106 | D        | Reached XP level 2. HP: 8/21 MP: 2/2
   106 | D        | Reached XP level 3. HP: 11/26 MP: 3/3
   350 | D        | Reached skill level 5 in Maces & Flails
   404 | D        | Reached XP level 4. HP: 9/32 MP: 4/4
   427 | D        | Gained mutation: You tend to lose your temper in combat.
                  | [potion of mutation]
   427 | D        | Gained mutation: You have sharp toenails. [potion of
                  | mutation]
   436 | D        | Lost mutation: You tend to lose your temper in combat.
                  | [potion of mutation]
   436 | D        | Lost mutation: You have sharp toenails. [potion of
                  | mutation]
   436 | D        | Gained mutation: You occasionally shout uncontrollably at
                  | your foes. [potion of mutation]
   551 | D        | Lost mutation: You occasionally shout uncontrollably at
                  | your foes. [potion of mutation]
   551 | D        | Gained mutation: Your mind is acute. (Int +2) [potion of
                  | mutation]
   551 | D        | Gained mutation: You passively dampen the noise of your
                  | surroundings. [potion of mutation]
   634 | D        | Noticed a water elemental
   638 | D        | Killed a water elemental
   638 | D        | Reached *** piety under Trog
   639 | D        | Reached skill level 6 in Maces & Flails
   639 | D        | Reached XP level 5. HP: 38/38 MP: 5/5
   687 | D        | Found a basalt altar of Yredelemnul.
   687 | D        | Found a shadowy altar of Dithmenos.
   687 | D        | Found a sacrificial altar of Ru.
   687 | D        | Noticed a necrophage
   696 | D        | Reached skill level 7 in Maces & Flails
   712 | D        | Killed a necrophage
   713 | D        | Reached skill level 8 in Maces & Flails
   713 | D        | Reached XP level 6. HP: 5/45 MP: 6/6
   979 | D        | Found a hide-covered altar of Uskayaw.
   979 | D        | Found an iron altar of Okawaru.
   979 | D        | Found a bloodstained altar of Trog.
   979 | D        | Found an ornate altar of the Wu Jian Council.
   979 | D        | Noticed a human
   980 | D        | Noticed a human
   986 | D        | Killed a human
   986 | D        | Reached **** piety under Trog
   987 | D        | Reached skill level 9 in Maces & Flails
   996 | D        | Killed a human
   997 | D        | Reached skill level 10 in Fighting
   997 | D        | Reached skill level 10 in Maces & Flails
   997 | D        | Reached XP level 7. HP: 53/53 MP: 7/7
  1076 | D        | Found a glowing silver altar of Zin.
  1076 | D        | Found a glowing golden altar of the Shining One.
  1076 | D        | Found a white marble altar of Elyvilon.
  1077 | D        | Noticed a deep elf pyromancer
  1079 | D        | Noticed a fire elemental
  1086 | D        | Killed a deep elf pyromancer
  1087 | D        | Reached skill level 11 in Maces & Flails
  1087 | D        | Reached skill level 5 in Armour
  1087 | D        | Reached skill level 5 in Dodging
  1087 | D        | Reached XP level 8. HP: 56/60 MP: 8/8
  1186 | D        | Found a radiant altar of Vehumet.
  1186 | D        | Found a shimmering blue altar of Sif Muna.
  1186 | D        | Found an ancient bone altar of Kikubaaqudgha.
  1190 | D        | Reached ***** piety under Trog
  1249 | D        | Received a gift from Trog
  1250 | D        | Reached skill level 12 in Maces & Flails
  1255 | D        | Noticed a shadow
  1258 | D        | Killed a shadow
  1317 | D        | Found a blossoming altar of Fedhas.
  1317 | D        | Found a stormy altar of Qazlal.
  1317 | D        | Found a snail-covered altar of Cheibriados.
  1317 | D        | Found a burning altar of Makhleb.
  1317 | D        | Found a shimmering altar of Xom.
  1318 | D        | Found a hazy altar of Hepliaklqana.
  1318 | D        | Found an opulent altar of Gozag.
  1318 | D        | Found a sparkling altar of Nemelex Xobeh.
  1318 | D        | Found a corrupted altar of Lugonu.
  1318 | D        | Found a viscous altar of Jiyva.
  1341 | D        | Noticed Erica
  1349 | D        | Killed Erica
  1350 | D        | Reached skill level 13 in Maces & Flails
  1350 | D        | Reached skill level 1 in Stealth
  1350 | D        | Reached XP level 9. HP: 68/68 MP: 9/9
  1423 | D        | Reached skill level 14 in Maces & Flails
  1431 | D        | Noticed a centaur warrior
  1437 | D        | Killed a centaur warrior
  1438 | D        | Reached skill level 15 in Maces & Flails
  1442 | D        | Received a gift from Trog
  1693 | D        | Killed an unseen horror
  1762 | D        | Noticed a queen bee
  1784 | D        | Killed a queen bee
  1785 | D        | Reached XP level 10. HP: 38/75 MP: 10/10
  1792 | D        | Reached skill level 16 in Maces & Flails
  1817 | D        | Received a gift from Trog
  1828 | D        | Received a gift from Trog
  1829 | D        | Reached ****** piety under Trog
  1852 | D        | Received a gift from Trog
  2088 | D        | Reached skill level 17 in Maces & Flails
  2095 | D        | Reached skill level 15 in Fighting
  2272 | D        | Noticed an orc sorcerer
  2273 | D        | Found Yses's General Store.
  2274 | D        | Noticed an orc sorcerer
  2274 | D        | Noticed an orc sorcerer
  2276 | D        | Paralysed by an orc sorcerer for 2 turns
  2279 | D        | Killed an orc sorcerer
  2279 | D        | Received a gift from Trog
  2284 | D        | Killed an orc sorcerer
  2286 | D        | Received a gift from Trog
  2292 | D        | Killed an orc sorcerer
  2292 | D        | Received a gift from Trog
  2293 | D        | Reached skill level 18 in Maces & Flails
  2293 | D        | Reached XP level 11. HP: 82/82 MP: 11/11
  2487 | D        | Bought a potion of haste for 130 gold pieces
  2524 | D        | Noticed Harold
  2524 | D        | Noticed Joseph
  2531 | D        | Killed Harold
  2531 | D        | Identified the +6 great mace "Neut" {vorpal, Fragile rC++
                  | rN+} (Trog gifted it to you in the Dungeon)
  2531 | D        | Received a gift from Trog
  2539 | D        | Killed Joseph
  2540 | D        | Reached skill level 19 in Maces & Flails
  2724 | D        | Noticed a soul eater
  2857 | D        | Noticed a yaktaur captain
  2859 | D        | Received a gift from Trog
  2868 | D        | Noticed a skeletal warrior
  2872 | D        | Killed a skeletal warrior
  2910 | D        | Noticed an orange crystal statue
  2938 | D        | Killed an orange crystal statue
  2964 | D        | Found Nacemi's Distillery.
  2964 | D        | Found Vuonn's Magic Scroll Shop.
  2964 | D        | Found Zywkadd's Antique Weapon Boutique.
  2964 | D        | Found Wicecav's Antique Weapon Shoppe.
  2964 | D        | Found Coivohie's Antique Armour Boutique.
  2964 | D        | Found Qiel's Book Emporium.
  2964 | D        | Found Inidemaquse's Armour Shoppe.
  2964 | D        | Found Doanami's Antique Armour Shop.
  2964 | D        | Found Plog's Antique Weapon Shop.
  2964 | D        | Found Veete's Jewellery Emporium.
  2964 | D        | Found Nulots's Jewellery Boutique.
  3000 | D        | Bought a runed cloak for 127 gold pieces
  3013 | D        | Bought a scroll of fear for 42 gold pieces
  3021 | D        | Bought a glowing scale mail for 119 gold pieces
  3079 | D        | HP: 5/126 [spriggan defender/+0 dagger (10)]
  3087 | D        | Reached skill level 20 in Maces & Flails
  3469 | D        | Noticed a centaur warrior
  3479 | D        | Killed a centaur warrior
  3536 | D        | Noticed a cyclops
  3536 | D        | a redback changed into a cyclops
  3541 | D        | Killed a cyclops
  3553 | D        | Noticed a white ugly thing
  3554 | D        | Noticed a fire dragon
  3558 | D        | Killed a white ugly thing
  3566 | D        | Killed a fire dragon
  3566 | D        | Identified the +9 executioner's axe of Trog's Generosity
                  | {vorpal, Drain rElec rN++ rCorr Str+2} (Trog gifted it to
                  | you in the Dungeon)
  3566 | D        | Received a gift from Trog
  3787 | D        | Noticed a +0 short sword of venom
  3787 | D        | Noticed a +0 long sword of holy wrath
  3789 | D        | Killed a +0 short sword of venom
  3790 | D        | Reached XP level 12. HP: 92/92 MP: 12/12
  3800 | D        | Reached skill level 10 in Dodging
  3812 | D        | Identified the +8 morningstar of Urgency {speed, rElec}
  4079 | D        | Reached skill level 21 in Maces & Flails
  4131 | D        | Noticed a yaktaur captain
  4170 | D        | Killed a yaktaur captain
  4171 | D        | Reached skill level 10 in Armour
  4172 | D        | Received a gift from Trog
  4210 | D        | Noticed Chuck
  4260 | D        | Killed Chuck
  4265 | D        | Gained mutation: You are clumsy. (Dex -2) [a shining eye]
  4266 | D        | Lost mutation: Your mind is acute. (Int +2) [a shining eye]
  4268 | D        | Gained mutation: Your body sometimes deteriorates upon
                  | taking damage. [a shining eye]
  4288 | D        | Lost mutation: Your body sometimes deteriorates upon taking
                  | damage. [potion of mutation]
  4288 | D        | Lost mutation: You passively dampen the noise of your
                  | surroundings. [potion of mutation]
  4288 | D        | Lost mutation: You are clumsy. (Dex -2) [potion of
                  | mutation]
  4288 | D        | Gained mutation: Your magical capacity is low. (-10% MP)
                  | [potion of mutation]
  4414 | D        | Received a gift from Trog
  4415 | D        | Reached skill level 5 in Stealth
  4474 | D        | Noticed an ancient lich
  4709 | D        | Noticed a sphinx
  4709 | D        | Noticed a sphinx
  4711 | D        | Noticed a mummy priest
  4715 | D        | Noticed a mummy priest
  4715 | D        | Noticed a mummy priest
  4718 | D        | Noticed a sun demon
  4726 | D        | Killed a sphinx
  4726 | D        | Identified the +9 eveningstar "Edghurur" {vorpal, rC++}
                  | (Trog gifted it to you in the Dungeon)
  4726 | D        | Received a gift from Trog
  4727 | D        | Reached skill level 22 in Maces & Flails
  4730 | D        | Noticed a jiangshi
  4733 | D        | Killed a sphinx
  4734 | D        | Reached XP level 13. HP: 53/101 MP: 11/11
  4742 | D        | Killed a mummy priest
  4747 | D        | Killed a mummy priest
  4749 | D        | Killed a mummy priest
  4749 | D        | Killed by a mummy priest's death curse

Illustrated notes

Levels and vault maps discovered:
D:        dungeon_sprint_mu [sprint_mu_entry_forest, sprint_mu_temple_rooms,
          sprint_mu_d1_horrors, sprint_mu_d2_genie, sprint_mu_d3_branching,
          sprint_mu_orc_legion, sprint_mu_elf_gauntlet, sprint_mu_hive_nellie,
          sprint_mu_lair_fedhas, sprint_mu_vaults_butterflies,
          sprint_mu_slime_circle, sprint_mu_swamp_cave, sprint_mu_snake_twists,
          sprint_mu_blade_basic, sprint_mu_crypt_lich, sprint_mu_tomb_spiral,
          sprint_mu_vestibule_basic, sprint_mu_gehenna_hellfire,
          sprint_mu_dis_giant, sprint_mu_tartarus_statrot,
          sprint_mu_cocytus_islands, sprint_mu_zot1]

Skill      XL: |  1  2  3  4  5  6  7  8  9 10 11 12 |
---------------+-------------------------------------+-----
Fighting       | 5 6 7 8 10 11 13 14 15 17 20 | 20.4
Maces & Flails | 4 5 6 8 10 11 13 15 18 20 22 | 22.3
Armour         | 3 4 5 6 8 12 | 12.9
Dodging        | 2 3 4 5 6 7 9 10 | 10.6
Stealth        | 1 2 4 5 |  5.1

Action                   |  1- 3 |  4- 6 |  7- 9 | 10-12 | 13-15 || total
-------------------------+-------+-------+-------+-------+-------++-------
Melee: Mace              |    24 |    43 |    21 |       |       ||    88
       Great mace        |       |       |    53 |   311 |    14 ||   378
Invok: Berserk           |     3 |     2 |     3 |     9 |       ||    17
       Brothers in Arms  |       |       |       |     3 |       ||     3
       Trog's Hand       |       |       |       |     1 |       ||     1
  Use: Potion            |       |     3 |       |     5 |       ||     8
       Scroll            |       |       |       |     6 |       ||     6
 Stab: Sleeping          |       |       |       |     1 |       ||     1
Armor: Animal skin       |     3 |     9 |       |       |       ||    12
       Leather armour    |       |       |    40 |    50 |       ||    90
       Scale mail        |       |       |       |    39 |       ||    39
       Plate armour      |       |       |       |    20 |     5 ||    25
Dodge: Dodged            |    16 |    14 |    58 |   123 |     3 ||   214

Table legend: (Time is in decaauts)
 A = Elapsed time spent in this place.
 B = Non-inter-level travel time spent in this place.
 C = Inter-level travel time spent in this place.
 D = Time resting spent in this place.
 E = Time spent auto-exploring this place.
 F = Levels seen in this place.
 G = Mean time per level.
                   A        B        C        D        E       F      G
               +--------+--------+--------+--------+--------+-----+--------+
         Total |   4836 |   4836 |      0 |   3382 |      5 |   1 | 4836.0 |
       Dungeon |   4836 |   4836 |      0 |   3382 |      5 |   1 | 4836.0 |
               +--------+--------+--------+--------+--------+-----+--------+

Top non-repeatable levels by time:
       D: 4836 daAuts
